 Dungeon Crawl Stone Soup version 0.19-a0-1513-gf6d23ed (webtiles) character file.

1092 Lindan9 the Grave Robber (level 8, -1/56 HPs)
             Began as a Vampire Necromancer on Sept 13, 2016.
             Was an Initiate of Dithmenos.
             Slain by Edmund
             ... wielding a +1 dire flail of protection
              (7 damage)
             ... on level 6 of the Dungeon.
             The game lasted 00:22:39 (6261 turns).

Lindan9 the Grave Robber (Vampire Necromancer)      Turns: 6261, Time: 00:22:40

Health: -1/56      AC:  9    Str:  7    XL:     8   Next: 9%
Magic:  1/15       EV: 14    Int: 20    God:    Dithmenos [......]
Gold:   288        SH:  0    Dex: 14    Spells: 1 memorised, 16 levels left

rFire  . . .     SeeInvis +     k - +0 short sword
rCold  + . .     Gourm    .     a - +1 robe
rNeg   + . .     Faith    .     (no shield)
rPois  .         Spirit   .     (no helmet)
rElec  .         Dismiss  .     n - +2 cloak {MR+}
rCorr  .         Reflect  .     (no gloves)
MR     +....     Harm     .     g - +2 pair of boots
Stlth  +++.......               (no amulet)
                                (no ring)
                                x - ring of protection from cold

@: about to teleport
A: fangs 3, see invisible, unbreathing
a: Bat Form, Renounce Religion


You were on level 6 of the Dungeon.
You worshipped Dithmenos.
Dithmenos was noncommittal.
You were not thirsty.

You visited 2 branches of the dungeon, and saw 7 of its levels.

You collected 288 gold pieces.

Inventory:

Hand Weapons
 k - a +0 short sword (weapon)
 m - a +0 short sword
 s - a +0 long sword
Armour
 a - a +1 robe (worn)
 g - a +2 pair of boots (worn)
 n - a +2 cloak of magic resistance (worn)
Jewellery
 x - a ring of protection from cold (left hand)
Wands
 c - a wand of lightning (9/15)
Scrolls
 p - 2 scrolls of remove curse
 r - 3 scrolls of noise
 t - 5 scrolls of magic mapping {unknown}
 u - a scroll of random uselessness {unknown}
 w - a scroll of enchant armour
 y - a scroll of identify
Potions
 d - 3 potions of cancellation
 e - 2 potions of ambrosia
 f - a potion of lignification {unknown}
 h - a potion of cure mutation {unknown}
 i - 2 potions of degeneration {unknown}
 j - 3 potions of heal wounds
 l - a potion of mutation {unknown}
 o - 3 potions of flight
 q - a potion of blood
 v - a potion of haste {unknown}
Books
 b - a book of Necromancy

   Spells                             Type                      Level
   a - Pain                           Necromancy                   1
   b - Animate Skeleton               Necromancy                   1
   c - Vampiric Draining              Necromancy                   3
   d - Regeneration                   Charms/Necromancy            3
   e - Animate Dead                   Necromancy                   4
   f - Control Undead                 Necromancy                   4


   Skills:
 + Level 2.0 Fighting
 + Level 1.8 Short Blades
 + Level 4.7 Dodging
 + Level 5.1 Stealth
 + Level 5.2 Spellcasting
 + Level 7.3 Necromancy


You had 16 spell levels left.
You knew the following spells:

 Your Spells              Type           Power        Failure   Level  Hunger
a - Pain                  Necr           ####         1%          1    None


Dungeon Overview and Level Annotations

Branches:
Dungeon (6/15)             Temple (1/1) D:5

Altars:
Ashenzari
Cheibriados
Dithmenos
Elyvilon
Fedhas
Gozag
Kikubaaqudgha
Makhleb
Nemelex Xobeh
Okawaru
Qazlal
Ru
Sif Muna
Trog
Uskayaw
Vehumet
Xom
Yredelemnul
Zin
The Shining One

Annotations:
D:6 Edmund


Innate Abilities, Weirdness & Mutations

You have razor-sharp teeth.
You have supernaturally acute eyesight. (SInv)
You can survive without breathing.


Message History

Casting: Pain
Confirm with . or Enter, or press ? or * to list all spells.
Aiming: Pain
Press: ? - help, Shift-Dir - straight line, f/p - Edmund
Aim: Edmund, wielding a dire flail of protection and wearing a glowing ring mail (moderately wounded, chance to defeat MR: 84%) Edmund resists with significant effort.
Edmund hits you with a dire flail of protection.
* * * LOW HITPOINT WARNING * * *
You hit Edmund but do no damage.
Edmund is moderately wounded.
Edmund hits you with a dire flail of protection.
* * * LOW HITPOINT WARNING * * *
You hit Edmund but do no damage.
Edmund is moderately wounded.
Edmund closely misses you.
Okay, then.
As you read the scroll of teleportation, it crumbles to dust.
You feel strangely unstable.
Edmund hits you with a dire flail of protection!
You die...

###...# #.#..##.#
###...#
#.#..##.########
.##...#
#...............
........
........########
..#..###.#.#..##.#
...... ..#..##.#
.....# .....##.#
####.# #.......#
.# #..###.@# ...
#.@# .### #... ##
#.### #. . #. o..
.. ####..... ..
.....#


You could see Edmund.

Vanquished Creatures
  A sky beast (D:6)
  An orc warrior (D:6)
  4 ogres
  A howler monkey (D:5)
  A centaur zombie (D:5)
  A jelly (D:4)
  An orc priest (D:6)
  A hound (D:4)
  3 orc wizards
  2 worker ants
  An iguana (D:6)
  A killer bee zombie (D:5)
  A hound skeleton (D:5)
  A howler monkey zombie (D:5)
  12 adders
  4 shadow imps (D:5)
  An ooze (D:2)
  A worm (D:3)
  5 giant geckos
  12 orcs
  8 bats
  3 giant cockroaches
  7 goblins
  4 hobgoblins (D:1)
  3 kobolds
  A quokka (D:2)
  A giant newt (D:5)
  6 rats
88 creatures vanquished.

Vanquished Creatures (others)
  A bat (D:2)
1 creature vanquished.

Grand Total: 89 creatures vanquished

Notes
Turn   | Place    | Note
-------+----------+-------------------------------------------
     0 | D:1      | Lindan9 the Vampire Necromancer began the quest for the Orb.
     0 | D:1      | Reached XP level 1. HP: 13/13 MP: 3/3
   681 | D:1      | Reached XP level 2. HP: 17/19 MP: 1/5
  1087 | D:2      | Reached skill level 5 in Necromancy
  1212 | D:2      | Found a stormy altar of Qazlal.
  1290 | D:2      | Reached XP level 3. HP: 21/24 MP: 3/6
  1768 | D:2      | Reached XP level 4. HP: 22/30 MP: 2/8
  2878 | D:4      | Noticed an ogre
  2884 | D:4      | Reached XP level 5. HP: 29/36 MP: 5/10
  2898 | D:4      | Killed an ogre
  3204 | D:4      | Reached skill level 6 in Necromancy
  3208 | D:4      | Reached XP level 6. HP: 32/42 MP: 7/12
  3713 | D:4      | Found a bloodstained altar of Trog.
  3747 | D:5      | Entered Level 5 of the Dungeon
  3839 | D:5      | Found a staircase to the Ecumenical Temple.
  3853 | Temple   | Entered the Ecumenical Temple
  3914 | Temple   | Became a worshipper of Dithmenos the Shadowed
  4479 | D:5      | Reached skill level 1 in Fighting
  4479 | D:5      | Reached XP level 7. HP: 23/48 MP: 12/14
  4657 | D:5      | HP: 2/48 [shadow imp (4)]
  4931 | D:5      | Reached skill level 1 in Short Blades
  4958 | D:5      | Reached skill level 5 in Stealth
  5595 | D:6      | Reached skill level 7 in Necromancy
  5638 | D:6      | HP: 1/49 [orc (1)]
  5644 | D:6      | Reached skill level 5 in Spellcasting
  6173 | D:6      | Reached XP level 8. HP: 52/56 MP: 9/15
  6241 | D:6      | Noticed Edmund
  6261 | D:6      | Slain by Edmund

Vault maps used:
D:1:      scummos_arrival_star, kennysheep_boxes
D:2:      nicolae_qazlal_eye_of_the_storm
D:3:      corexii_item_surrounded_by_moat, grunt_decor_arrowhead
D:4:      first_bread, trog_book
D:6:      uniq_edmund
Temple:   grunt_wide_crystal_templ

Skill      XL: |  1  2  3  4  5  6  7 |
---------------+----------------------+-----
Necromancy     | 5 6 7 |  7.3
Spellcasting   | 3 4 5 |  5.2
Stealth        | 4 5 |  5.1
Dodging        | 3 4 |  4.7
Fighting       | 1 2 |  2.0
Short Blades   | 1 |  1.8

Action                   |  1- 3 |  4- 6 |  7- 9 || total
-------------------------+-------+-------+-------++-------
Melee: Unarmed           |     3 |       |       ||     3
       Short sword       |     5 |   103 |    96 ||   204
       Bite              |       |    11 |    13 ||    24
 Cast: Pain              |    53 |    68 |    56 ||   177
 Abil: End Transformatio |       |     1 |       ||     1
       Bat Form          |       |     1 |       ||     1
  Use: Scroll            |     2 |     8 |     4 ||    14
       Potion            |     1 |     3 |     3 ||     7
 Stab: Sleeping          |     1 |     6 |     4 ||    11
  Eat: Corpse            |     2 |     4 |     3 ||     9
Armor: Robe              |    16 |    51 |    49 ||   116
Dodge: Dodged            |    43 |    95 |    94 ||   232
